 Dungeon Crawl Stone Soup version 0.28.0 (webtiles) character file.

Game seed: 14007526800685900991

151 pkoi the Shooter (level 5, -3/42 HPs)
             Began as a Minotaur Hunter on Feb 7, 2022.
             Was an Initiate of Okawaru.
             Slain by a +4 broad axe of speed (9 damage)
             ... created by the rancor of the Wu Jian Council
             ... in the Ecumenical Temple.
             The game lasted 00:04:34 (2697 turns).

pkoi the Shooter (Minotaur Hunter)                  Turns: 2697, Time: 00:04:35

Health: -3/42      AC: -5    Str: 22    XL:     5   Next: 11%
Magic:  4/4        EV: 12    Int:  8    God:    Okawaru [......]
Gold:   144        SH:  0    Dex: 13    Spells: 4/4 levels left

rFire   . . .      SeeInvis .   b - +0 short sword
rCold   . . .      Faith    .   (no shield)
rNeg    . . .      Spirit   .   c - +0 leather armour
rPois   .          Reflect  .   (helmet restricted)
rElec   .          Harm     .   (no cloak)
rCorr   .          Rampage  .   (no gloves)
Will    .....                   (no boots)
Stlth   ++........              (no amulet)
HPRegen 0.14/turn               k - +6 ring of strength
MPRegen 0.09/turn               (no ring)

@: corroded
A: horns 2, retaliatory headbutt
a: Renounce Religion


You were in the Ecumenical Temple.
You worshipped Okawaru.
Okawaru was noncommittal.
You visited 2 branches of the dungeon, and saw 6 of its levels.

You collected 144 gold pieces.

Inventory:

Hand Weapons
 a - a +1 shortbow
 b - a +0 short sword (weapon)
 l - a +2 dagger of speed
Missiles
 d - 36 arrows
Armour
 c - a +0 leather armour (worn)
Jewellery
 k - a +6 ring of strength (left hand)
Wands
 p - a wand of flame (19)
Scrolls
 h - 4 scrolls of identify
Potions
 e - 2 potions of flight {unknown}
 f - a potion of haste {unknown}
 g - a potion of brilliance
 i - a potion of might
 j - 3 potions of curing
 m - a potion of lignification {unknown}
 n - a potion of mutation {unknown}
 o - a potion of magic {unknown}
 q - a potion of heal wounds {unknown}


   Skills:
 - Level 2.4 Fighting
 * Level 5.9 Bows
 + Level 3.3 Dodging
 + Level 2.1 Stealth
 + Level 0.4 Evocations


You had 4 spell levels left.
You didn't know any spells.
Your spell library contained the following spells:

 Spells                   Type           Power      Damage    Failure   Level
 Slow                     Hex            0%         N/A       45%         1
 Sting                    Tmut/Pois      0%         1d3       45%         1
 Poisonous Vapours        Pois/Air       0%         N/A       58%         2
 Confusing Touch          Hex            0%         N/A       83%         3
 Conjure Flame            Conj/Fire      0%         6-21      83%         3
 Ignite Poison            Fire/Tmut/Pois 0%         N/A       83%         3
 Vampiric Draining        Necr           0%         2d6       83%         3
 Olgreb's Toxic Radiance  Pois           0%         N/A       99%         4
 Passage of Golubria      Tloc           0%         N/A       99%         4
 Sticky Flame             Conj/Fire      0%         2d3       99%         4
 Yara's Violent Unravell  Hex/Tmut       0%         3d3       100%        5
 Tukima's Dance           Hex            Unusable   N/A       N/A         3

Dungeon Overview and Level Annotations

Branches:
Dungeon (6/15)             Temple (1/1) D:6

Altars:
Ashenzari
Elyvilon
Fedhas
Hepliaklqana
Kikubaaqudgha
Okawaru
Sif Muna
Trog
Uskayaw
Wu Jian
Yredelemnul
Zin
Lugonu


Innate Abilities, Weirdness & Mutations

You have a pair of horns on your head.
You reflexively headbutt those who attack you in melee.


Message History

There is a staircase to the Ecumenical Temple here.
You climb downwards.
Welcome to the Ecumenical Temple!
There is a staircase back to the Dungeon here.
Found a corrupted altar of Lugonu.
Found a corrupted altar of Lugonu.
Found a bloodstained altar of Trog and a blossoming altar of Fedhas.
Found a corrupted altar of Lugonu.
Found a corrupted altar of Lugonu.
There is a corrupted altar of Lugonu here.
There is a corrupted altar of Lugonu here.
Found a white marble altar of Elyvilon.
Found a corrupted altar of Lugonu.
Found a glowing silver altar of Zin.
Found a hazy altar of Hepliaklqana and a basalt altar of Yredelemnul.
Found an ancient bone altar of Kikubaaqudgha.
Found a shimmering blue altar of Sif Muna.
There is a hazy altar of Hepliaklqana here.
There is a hazy altar of Hepliaklqana here.
Found an iron altar of Okawaru.
Sifu Hu Sanniang says: Suffer, mortal!
The rancor of the Wu Jian Council corrodes you!
A +2 vorpal glaive, a +1 rapier of flaming, a +4 broad axe of speed and a +3 dire flail of freezing come into view.
Unknown command.
The +2 vorpal glaive hits you from afar!
* * * LOW HITPOINT WARNING * * *
There is an iron altar of Okawaru here.
You kneel at the altar of Okawaru.
Okawaru welcomes you!
The +2 vorpal glaive hits you from afar!
* * * LOW HITPOINT WARNING * * *
x2 Unknown command.
Press < or > to pray at altars.
Okay, then.
The +2 vorpal glaive barely misses you. The +1 rapier of flaming hits you.
* * * LOW HITPOINT WARNING * * *
The +1 rapier of flaming burns you.
* * * LOW HITPOINT WARNING * * *
The +4 broad axe of speed hits you!
You die...

##### #≈..##
##..§≈#
#_.⌠._#
#..@(.#
##((.## ##(##
#### ##...#
#≈_###
#.≈≈.###..≈.#
#.._#.._.⌠..#
..
#≈....##.#..#
#._
##...###._###
##.# #.#.#
####


You could see 4 dancing weapons.

Vanquished Creatures
  A hound (D:4)
  3 gnolls (D:2)
  2 adders
  A worm (D:2)
  A dart slug (D:2)
  An orc (D:4)
  3 bats
  4 endoplasms
  5 giant cockroaches
  9 goblins
  8 hobgoblins
  6 jackals
  3 quokkas
  5 ball pythons
  4 frilled lizards
  3 kobolds
  8 rats
67 creatures vanquished.

Notes
Turn   | Place    | Note
-------+----------+-------------------------------------------
     0 | D:1      | pkoi the Minotaur Hunter began the quest for the Orb.
     0 | D:1      | Reached XP level 1. HP: 18/18 MP: 0/0
   178 | D:1      | Reached skill level 1 in Stealth
   201 | D:1      | Reached XP level 2. HP: 25/25 MP: 1/1
   451 | D:1      | Found a faded altar of an unknown god.
   788 | D:1      | Prayed at the altar of an unknown god.
   788 | D:1      | Became a worshipper of the Wu Jian Council
   788 | D:1      | Reached * piety under Wu Jian
   825 | D:2      | Reached skill level 5 in Bows
   867 | D:2      | Reached XP level 3. HP: 27/30 MP: 2/2
   954 | D:2      | Found a broken altar of Ashenzari.
  1284 | D:2      | Reached XP level 4. HP: 37/37 MP: 3/3
  1648 | D:3      | Reached ** piety under Wu Jian
  1764 | D:3      | Found a hide-covered altar of Uskayaw.
  2019 | D:3      | Fell from the grace of Wu Jian
  2053 | D:3      | Noticed a +0 vorpal dire flail
  2053 | D:3      | Noticed a +3 quarterstaff of flaming
  2053 | D:3      | Noticed a +0 great sword of electrocution
  2590 | D:4      | Reached XP level 5. HP: 40/42 MP: 4/4
  2627 | D:4      | You fall into a shaft and drop 2 floors!
  2627 | D:6      | Found a staircase to the Ecumenical Temple.
  2636 | Temple   | Entered the Ecumenical Temple
  2691 | Temple   | Noticed a +2 vorpal glaive
  2691 | Temple   | Noticed a +1 rapier of flaming
  2691 | Temple   | Noticed a +4 broad axe of speed
  2691 | Temple   | Noticed a +3 dire flail of freezing
  2695 | Temple   | Became a worshipper of Warmaster Okawaru
  2697 | Temple   | Slain by a +4 broad axe of speed

Illustrated notes

Levels and vault maps discovered:
D:1:      minmay_arrival_nine_rooms, layout_loops_ring,
          shapermc_ecumenical_altar_mp_ritualfount, minmay_cut_off
D:2:      layout_rooms, basic_altar
D:3:      layout_basic, mainiacjoe_overflow_boulevard, serial_co_window_serial,
          co_window_corner_a, co_window_corner_a, co_window_corner_a,
          co_window_paths_a, co_window_paths_a, co_window_paths_b,
          co_window_paths_a, co_window_unsneaky_path_d, co_window_paths_c,
          co_window_broadway_c, co_window_corner_cb, glass_columns_a,
          glass_columns_a, minmay_cupped
D:4:      layout_loops_corners, serial_shops, shop
D:6:      layout_layer_cave, mainiacjoe_overflow_brackets, temple_hall,
          portal_sewer_entry_b
Temple:   kb_corrupted_temple

Skill      XL: |  1  2  3  4 |
---------------+-------------+-----
Stealth        | 1 2 |  2.1
Bows           | 5 |  5.9
Dodging        | 3 |  3.3
Fighting       | |  2.4
Evocations     | |  0.4

Action                   |  1- 3 |  4- 6 || total
-------------------------+-------+-------++-------
Melee: Short sword       |    77 |    40 ||   117
       Headbutt          |    12 |    12 ||    24
       Punch             |     2 |       ||     2
       Dagger            |    19 |    14 ||    33
 Fire: Shortbow          |     1 |    11 ||    12
Invok: Lunge             |     5 |     3 ||     8
       Whirlwind         |     2 |     1 ||     3
       Renounce Religion |       |     1 ||     1
  Use: Scroll            |     5 |     2 ||     7
 Stab: Sleeping          |     4 |     2 ||     6
Armor: Leather armour    |    19 |    12 ||    31
Dodge: Dodged            |    45 |    34 ||    79
